 Dungeon Sprint DCSS version 0.27-a0-203-gd48b2df3c9 (webtiles) character file.

Game seed: 1700030836957983477

935 mhtbhm the Martial Artist (level 8, -7/68 HPs)
             Began as a Merfolk Transmuter on Jan 30, 2021.
             Was a Priest of Sif Muna.
             Mangled by a centaur warrior (8 damage)
             ... in the Dungeon (Sprint IX: "|||||||||||||||||||||||||||||").
             The game lasted 00:01:20 (473 turns).

mhtbhm the Martial Artist (Merfolk Transmuter)       Turns: 473, Time: 00:01:20

Health: -7/68      AC:  7    Str: 13    XL:     8   Next: 11%
Magic:  12/18      EV: 16    Int: 12    God:    Sif Muna [***...]
Gold:   0          SH:  0    Dex: 14    Spells: 6/21 levels left

rFire    x . .     SeeInvis .     - Unarmed
rCold    + + +     Faith    .   (shield currently unavailable)
rNeg     . . .     Spirit   .   (armour currently unavailable)
rPois    +         Reflect  .   (helmet currently unavailable)
rElec    .         Harm     .   (cloak currently unavailable)
rCorr    .         Rampage  .   (gloves currently unavailable)
Will     .....     NoTele   +   (boots currently unavailable)
Stlth    ++........             (no amulet)
HPRegen  0.21/turn              n - +2 ring of evasion
MPRegen  0.16/turn              o - +2 ring of protection

@: ice-form (expiring), wereblooded (expiring), very slightly contaminated,
slowed, invisible, very slow
A: large, (change form in water), (swift swim), (stealthy swim)
a: End Transformation, Renounce Religion, Channel Magic, Forget Spell


You were in the Dungeon.
You worshipped Sif Muna.
Sif Muna was most pleased with you.
You were a creature of crystalline ice.
You visited 1 branch

Inventory:

Armour
 a - a +0 robe (melded)
 l - a +0 pair of boots (melded)
 m - a +0 pair of gloves (melded)
Jewellery
 n - a +2 ring of evasion (left front paw)
 o - a +2 ring of protection (right front paw)
Wands
 k - a wand of acid (10)
Scrolls
 h - 2 scrolls of blinking
 i - 3 scrolls of remove curse
 j - 2 scrolls of amnesia
Potions
 c - 5 potions of curing
 e - a potion of haste
 f - 4 potions of magic


   Skills:
 + Level 2.3 Fighting
 + Level 7.9 Dodging
 + Level 3.7 Stealth
 + Level 13.4 Unarmed Combat
 + Level 7.1 Spellcasting
 + Level 8.9 Transmutations


You had 6 spell levels left.
You knew the following spells:

 Your Spells              Type           Power        Failure   Level
a - Beastly Appendage     Tmut           50%          1%          1
b - Wereblood             Tmut           25%          1%          2
c - Spider Form           Tmut/Pois      7%           8%          3
d - Ice Form              Ice/Tmut       15%          26%         4
e - Blade Hands           Tmut           12%          12%         5

Your spell library contained the following spells:

 Spells                   Type           Power        Failure   Level


Dungeon Overview and Level Annotations

Branches:
Dungeon (1/1)

Altars:
Cheibriados
Dithmenos
Elyvilon
Fedhas
Gozag
Hepliaklqana
Kikubaaqudgha
Makhleb
Nemelex Xobeh
Okawaru
Qazlal
Ru
Sif Muna
Trog
Uskayaw
Vehumet
Wu Jian
Xom
Yredelemnul
Zin
The Shining One
Beogh
Jiyva
Lugonu


Message History

The centaur warrior hits you but does no damage.
Your Fighting skill increases to level 2!
Your Dodging skill increases to level 7!
Your Stealth skill increases to level 3!
Your Unarmed Combat skill increases to level 13!
Your Spellcasting skill increases to level 7!
Your Transmutations skill increases to level 8!
You have reached level 8!
You punch the centaur warrior! You freeze the centaur warrior.
The centaur warrior is moderately wounded.
You howl as the wereblood boils in your veins!
Your transformation is almost over.
Your primal bloodlust is almost over.
The centaur warrior closely misses you. The centaur warrior hits you.
* * * LOW HITPOINT WARNING * * *
You hit the centaur warrior. You freeze the centaur warrior.
The centaur warrior is moderately wounded.
The centaur warrior hits you.
* * * LOW HITPOINT WARNING * * *
The centaur warrior hits you!
You die...

▓.▓
▓.▓
▓.▓
▓.▓
▓.▓
▓.▓
▓'▓
▓)▓
▓Y▓
▓c▓
▓Z▓
▓Z▓
▓.▓
▓+▓


You could see a centaur warrior, an adder zombie and a bat skeleton.

Vanquished Creatures
  A deep elf pyromancer (D)
  A wraith (D)
  A yak (D)
  A necrophage (D)
  A phantom (D)
  A hound (D)
  A worker ant (D)
  An orc (D)
  A bat skeleton (D)
  A giant cockroach (D)
  2 goblins (D)
  A jackal (D)
  2 quokkas (D)
  A frilled lizard (D)
  A leopard gecko skeleton (D)
  2 rats (D)
19 creatures vanquished.

Notes
Turn   | Place    | Note
-------+----------+-------------------------------------------
     0 | D        | mhtbhm the Merfolk Transmuter began the quest for the Orb.
     0 | D        | Reached XP level 1. HP: 15/15 MP: 3/3
    14 | D        | Reached skill level 4 in Unarmed Combat
   256 | D        | Reached XP level 2. HP: 14/21 MP: 3/5
   259 | D        | Reached skill level 5 in Unarmed Combat
   270 | D        | Learned a level 2 spell: Wereblood
   270 | D        | Found a roughly hewn altar of Beogh.
   270 | D        | Found a snail-covered altar of Cheibriados.
   270 | D        | Found a shadowy altar of Dithmenos.
   270 | D        | Found a white marble altar of Elyvilon.
   270 | D        | Found a blossoming altar of Fedhas.
   270 | D        | Found an opulent altar of Gozag.
   271 | D        | Found a hazy altar of Hepliaklqana.
   272 | D        | Found a viscous altar of Jiyva.
   273 | D        | Found an ancient bone altar of Kikubaaqudgha.
   274 | D        | Found a corrupted altar of Lugonu.
   275 | D        | Found a burning altar of Makhleb.
   276 | D        | Found a sparkling altar of Nemelex Xobeh.
   277 | D        | Found an iron altar of Okawaru.
   278 | D        | Found a stormy altar of Qazlal.
   279 | D        | Found a sacrificial altar of Ru.
   280 | D        | Found a shimmering blue altar of Sif Muna.
   281 | D        | Found a bloodstained altar of Trog.
   282 | D        | Found a hide-covered altar of Uskayaw.
   283 | D        | Found a radiant altar of Vehumet.
   284 | D        | Found an ornate altar of the Wu Jian Council.
   285 | D        | Found a shimmering altar of Xom.
   286 | D        | Found a basalt altar of Yredelemnul.
   287 | D        | Found a glowing silver altar of Zin.
   288 | D        | Found a glowing golden altar of the Shining One.
   292 | D        | Became a worshipper of Sif Muna the Loreminder
   346 | D        | Noticed a necrophage
   346 | D        | Noticed a phantom
   346 | D        | Noticed a yak
   351 | D        | Killed a necrophage
   352 | D        | Reached skill level 1 in Stealth
   352 | D        | Reached skill level 7 in Unarmed Combat
   352 | D        | Reached XP level 3. HP: 26/26 MP: 2/8
   352 | D        | Reached XP level 4. HP: 32/32 MP: 2/10
   356 | D        | Killed a phantom
   357 | D        | Reached skill level 5 in Dodging
   357 | D        | Reached skill level 9 in Unarmed Combat
   357 | D        | Reached skill level 5 in Spellcasting
   357 | D        | Reached XP level 5. HP: 37/37 MP: 3/12
   359 | D        | Reached * piety under Sif Muna
   364 | D        | Killed a yak
   365 | D        | Reached skill level 11 in Unarmed Combat
   365 | D        | Reached XP level 6. HP: 43/43 MP: 3/14
   366 | D        | Reached ** piety under Sif Muna
   432 | D        | Learned a level 3 spell: Spider Form
   437 | D        | Learned a level 4 spell: Ice Form
   443 | D        | Learned a level 5 spell: Blade Hands
   448 | D        | Noticed a wraith
   448 | D        | Noticed a centaur warrior
   448 | D        | Noticed a deep elf pyromancer
   461 | D        | Killed a wraith
   462 | D        | Reached skill level 12 in Unarmed Combat
   462 | D        | Reached XP level 7. HP: 8/48 MP: 10/16
   471 | D        | Killed a deep elf pyromancer
   471 | D        | Reached *** piety under Sif Muna
   472 | D        | Reached skill level 13 in Unarmed Combat
   472 | D        | Reached XP level 8. HP: 7/57 MP: 12/18
   473 | D        | HP: 1/68 [centaur warrior (4)]
   473 | D        | Mangled by a centaur warrior

Illustrated notes

Levels and vault maps discovered:
D:        linesprint [early_d, line_temple, items_1, d_10, items_2, lair_1,
          lair_end, items_3, orc_1, orc_end, items_4, d_15, swamp_1, shoals_1,
          snake_1, spider_1, d_20, vaults_1, items_5, swamp_end, shoals_end,
          snake_end, spider_end, vaults_end, d_27, items_6, zot_1, zot_end,
          crypt_end, forest_end, elf_end, slime_end, tomb_end, abyss_end,
          pan_hell_end]

Skill      XL: |  1  2  3  4  5  6  7 |
---------------+----------------------+-----
Unarmed Combat | 4 7 9 11 12 13 | 13.4
Transmutations | 3 4 6 7 8 |  8.9
Dodging        | 3 4 5 6 7 |  7.9
Stealth        | 1 2 3 |  3.7
Spellcasting   | 4 5 6 7 |  7.1
Fighting       | 2 |  2.3

Action                   |  1- 3 |  4- 6 |  7- 9 || total
-------------------------+-------+-------+-------++-------
Melee: Unarmed           |    31 |    24 |     7 ||    62
       Headbutt          |     4 |     2 |       ||     6
 Cast: Beastly Appendage |     3 |       |       ||     3
       Wereblood         |     1 |     1 |       ||     2
       Ice Form          |       |     1 |       ||     1
  Use: Potion            |     1 |       |     4 ||     5
 Stab: Distracted        |       |     1 |       ||     1
       Sleeping          |       |     1 |       ||     1
       Invisible         |       |       |     1 ||     1
Armor: Robe              |     2 |       |       ||     2
       Skin              |       |     1 |     3 ||     4
Dodge: Dodged            |    15 |     8 |    14 ||    37

Table legend: (Time is in decaauts)
 A = Elapsed time spent in this place.
 B = Non-inter-level travel time spent in this place.
 C = Inter-level travel time spent in this place.
 D = Time resting spent in this place.
 E = Time spent auto-exploring this place.
 F = Levels seen in this place.
 G = Mean time per level.
                   A        B        C        D        E       F      G
               +--------+--------+--------+--------+--------+-----+--------+
         Total |    477 |    477 |      0 |    301 |      0 |   1 |  477.0 |
       Dungeon |    477 |    477 |      0 |    301 |      0 |   1 |  477.0 |
               +--------+--------+--------+--------+--------+-----+--------+

Top non-repeatable levels by time:
       D: 477 daAuts
